2858 views
Uploaded 2020-03-26 18:43:49
Game version 1.32.3
15:14 long 1on1 custom game on (2)Amazonia
Game name "azjazda"
Saved by Dziango
2858 views
Uploaded 2020-03-26 18:43:49
Game version 1.32.3
15:14 long 1on1 custom game on (2)Amazonia
Game name "azjazda"
23 units @ 3k
/ 0.6k
13 buildings @ 2k
/ 0.8k


| Staff of Preservation | 1 | 150 |
| Potion of Healing | 1 | 150 |
| Orb of Venom | 1 | 325 |
| Lesser Clarity Potion | 1 | 70 |
| Boots of Speed | 1 | 250 |
| total: | 5 | 945g |
| Wisp | 11 | 660 | / | 0 |
| Archer | 4 | 520 | / | 40 |
| Dryad | 2 | 290 | / | 120 |
| Druid of the Claw | 6 | 1530 | / | 480 |
| total: | 23 | 3000g | / | 640w |
| Altar of Elders | 1 | 180 | / | 50 |
| Moon Well | 5 | 900 | / | 200 |
| Ancient of War | 1 | 150 | / | 60 |
| Ancient of Wonders | 3 | 270 | / | 90 |
| Hunter's Hall | 1 | 210 | / | 100 |
| Ancient of Lore | 2 | 310 | / | 290 |
| Tree of Ages | 1 | 320 | / | 180 |
| Tree of Eternity | 1 | 330 | / | 200 |
| total: | 13 | 2020g | / | 790w |
| 0:01 | Wisp |
| 0:05 | Altar of Elders |
| 0:15 | Wisp |
| 0:16 | Moon Well |
| 0:20 | Ancient of War |
| 0:30 | Wisp |
| 0:38 | Wisp |
| 0:49 | Wisp |
| 0:58 | Wisp |
| 1:13 | Wisp |
| 1:21 | Archer |
| 1:25 | Wisp |
| 1:36 | Wisp |
| 1:40 | Moon Well |
| 1:51 | Wisp |
| 1:57 | Wisp |
| 2:15 | Ancient of Wonders |
| 2:41 | Tree of Ages |
| 2:49 | Evasion |
| 2:49 | Mana Burn |
| 2:52 | Moon Well |
| 3:00 | Archer |
| 3:09 | Hunter's Hall |
| 3:21 | Archer |
| 3:43 | Ancient of Wonders |
| 3:56 | Archer |
| 4:46 | Boots of Speed |
| 5:03 | Staff of Preservation |
| 5:11 | Ancient of Lore |
| 5:12 | Tree of Eternity |
| 5:19 | Mana Burn |
| 5:36 | Ancient of Lore |
| 6:24 | Dryad |
| 6:32 | Drunken Haze |
| 7:11 | Druid of the Claw Adept Training |
| 7:11 | Druid of the Claw |
| 7:16 | Breath of Fire |
| 7:36 | Druid of the Claw Master Training |
| 8:19 | Druid of the Claw |
| 8:41 | Dryad |
| 9:21 | Druid of the Claw |
| 9:53 | Druid of the Claw |
| 10:12 | Moon Well |
| 10:24 | Ancient of Wonders |
| 11:42 | Moon Well |
| 11:49 | Potion of Healing |
| 11:50 | Orb of Venom |
| 11:56 | Druid of the Claw |
| 12:07 | Lesser Clarity Potion |
| 12:38 | Druid of the Claw |
| 13:43 | Breath of Fire |
| 13:56 | Mark of the Claw |
| 14:52 | Evasion |
21 units @ 3.5k
/ 0.5k
12 buildings @ 2k
/ 0.6k



| Rod of Necromancy | 3 | 450 |
| Orb of Corruption | 1 | 375 |
| Dust of Appearance | 1 | 75 |
| Potion of Lesser Invulnerability | 1 | 150 |
| total: | 6 | 1050g |
| Acolyte | 4 | 300 | / | 0 |
| Ghoul | 5 | 600 | / | 0 |
| Crypt Fiend | 8 | 1720 | / | 320 |
| Obsidian Statue | 3 | 600 | / | 105 |
| Abomination | 1 | 240 | / | 70 |
| total: | 21 | 3460g | / | 495w |
| Ziggurat | 6 | 900 | / | 300 |
| Altar of Darkness | 1 | 180 | / | 50 |
| Crypt | 1 | 200 | / | 50 |
| Tomb of Relics | 1 | 130 | / | 30 |
| Graveyard | 1 | 215 | / | 0 |
| Necropolis | 1 | 225 | / | 0 |
| Slaughterhouse | 1 | 140 | / | 135 |
| Halls of the Dead | 1 | 320 | / | 210 |
| Black Citadel | 1 | 325 | / | 230 |
| total: | 12 | 1990g | / | 565w |
| 0:01 | Acolyte |
| 0:03 | Ziggurat |
| 0:05 | Altar of Darkness |
| 0:11 | Acolyte |
| 0:32 | Crypt |
| 0:40 | Acolyte |
| 0:56 | Tomb of Relics |
| 1:15 | Graveyard |
| 1:32 | Ghoul |
| 1:47 | Ghoul |
| 2:05 | Rod of Necromancy |
| 2:16 | Death Coil |
| 2:19 | Ghoul |
| 2:47 | Ghoul |
| 2:50 | Halls of the Dead |
| 3:06 | Ziggurat |
| 3:25 | Unholy Aura |
| 3:46 | Rod of Necromancy |
| 3:49 | Dust of Appearance |
| 4:07 | Crypt Fiend |
| 4:22 | Ziggurat |
| 4:46 | Crypt Fiend |
| 5:13 | Black Citadel |
| 5:50 | Slaughterhouse |
| 5:54 | Death Coil |
| 6:34 | Rod of Necromancy |
| 6:39 | Crypt Fiend |
| 6:43 | Frost Nova |
| 7:11 | Obsidian Statue |
| 7:15 | Crypt Fiend |
| 7:34 | Frost Armor |
| 7:37 | Obsidian Statue |
| 8:00 | Ziggurat |
| 8:16 | Burrow |
| 8:46 | Creature Attack |
| 8:58 | Crypt Fiend |
| 9:01 | Destroyer Form |
| 9:43 | Crypt Fiend |
| 10:15 | Crypt Fiend |
| 10:17 | Ziggurat |
| 10:41 | Ziggurat |
| 11:21 | Howl of Terror |
| 11:25 | Unholy Aura |
| 11:33 | Abomination |
| 11:55 | Acolyte |
| 12:03 | Ghoul |
| 12:35 | Necropolis |
| 12:49 | Orb of Corruption |
| 13:15 | Obsidian Statue |
| 13:21 | Frost Nova |
| 13:34 | Potion of Lesser Invulnerability |
| 14:33 | Cleaving Attack |
| 14:43 | Crypt Fiend |